 Dungeon Crawl Stone Soup version 0.23.1 (webtiles) character file.

Game seed: 1783729138538573348

484 Laiders72 the Scholar of Death (level 7, -4/46 HPs)
             Began as a Human Necromancer on Mar 6, 2019.
             Was a Follower of Kikubaaqudgha.
             Killed from afar by Dowan (15 damage)
             ... with a shard of ice
             ... on level 4 of the Dungeon.
             The game lasted 00:19:10 (4589 turns).

Laiders72 the Scholar of Death (Human Necromancer)  Turns: 4589, Time: 00:19:11

Health: -4/46      AC:  6    Str:  8    XL:     7   Next: 35%
Magic:  2/13       EV: 12    Int: 18    God:    Kikubaaqudgha [*.....]
Gold:   204        SH:  0    Dex: 13    Spells: 2/14 levels left

rFire    . . .     SeeInvis .   w - +0 flail (crush)
rCold    . . .     Gourm    .   (no shield)
rNeg     . . .     Faith    .   a - +0 robe
rPois    .         Spirit   .   (no helmet)
rElec    .         Reflect  .   j - +1 cloak
rCorr    .         Harm     .   s - +0 pair of gloves
MR       .....                  v - +0 pair of boots
Stlth    ++........             (no amulet)
HPRegen  0.15/turn              u - ring of wizardry
MPRegen  0.13/turn              (no ring)

@: very slightly contaminated
A: no striking features
a: Receive Corpses, Renounce Religion


You were on level 4 of the Dungeon.
You worshipped Kikubaaqudgha.
Kikubaaqudgha was aware of your devotion.
You were hungry.

You visited 1 branch of the dungeon, and saw 4 of its levels.

You collected 204 gold pieces.

Inventory:

Hand Weapons
 w - a +0 flail of crushing (weapon)
Missiles
 d - 106 arrows
Armour
 a - a +0 robe (worn)
 j - a +1 cloak (worn)
 s - a +0 pair of gloves (worn)
 v - a +0 pair of boots (worn)
Jewellery
 u - a ring of wizardry (left hand)
Scrolls
 f - 7 scrolls of remove curse
 k - a scroll of blinking
 l - 4 scrolls of identify
 m - 2 scrolls of teleportation
 n - a scroll of enchant armour {unknown}
 o - a scroll of enchant weapon {unknown}
 t - a scroll of random uselessness {unknown}
Potions
 b - 2 potions of heal wounds {unknown}
 e - a potion of might {unknown}
 g - 2 potions of resistance {unknown}
 h - a potion of curing
 i - a potion of ambrosia {unknown}
 p - a potion of agility {unknown}
 q - a potion of haste {unknown}
 r - a potion of brilliance {unknown}
 z - 2 potions of invisibility {unknown}
Comestibles
 c - 11 rations
 x - 9 chunks of flesh


   Skills:
 - Level 2.0 Dodging
 - Level 2.0 Stealth
 + Level 4.2 Spellcasting
 * Level 7.2 Necromancy


You had 2 spell levels left.
You knew the following spells:

 Your Spells              Type           Power        Failure   Level  Hunger
a - Pain                  Necr           ####         1%          1    None
b - Animate Skeleton      Necr           N/A          1%          1    None
c - Vampiric Draining     Necr           ####......   1%          3    ###....
d - Regeneration          Chrm/Necr      ###.......   4%          3    ###....
e - Animate Dead          Necr           N/A          3%          4    ####...

Your spell library contained the following spells:

 Spells                   Type           Power        Failure   Level  Hunger
 Corpse Rot               Necr           N/A          1%          2    ##.....
 Sublimation of Blood     Necr           ####......   1%          2    ##.....
 Magic Dart               Conj           #...         6%          1    None
 Blink                    Tloc           N/A          9%          2    ##.....
 Call Imp                 Summ           #.......     9%          2    ##.....
 Slow                     Hex            #.......     9%          2    ##.....
 Conjure Flame            Conj/Fire      #.......     17%         3    ###....
 Mephitic Cloud           Conj/Pois/Air  #.......     17%         3    ###....


Dungeon Overview and Level Annotations

Branches:
Dungeon (4/15)
 Temple: D:4-7

Altars:
Dithmenos
Kikubaaqudgha
Ru
The Shining One

Shops:
D:4 (

Annotations:
D:4 Dowan


Message History

Dowan is moderately wounded.
Dowan misses you. Dowan hits you but does no damage.
You hit Dowan but do no damage.
Dowan is moderately wounded.
Dowan hits you but does no damage. Dowan barely misses you.
You barely miss Dowan.
Dowan is moderately wounded.
Dowan hits you but does no damage. Dowan hits you with a +0 dagger.
* * * LOW HITPOINT WARNING * * *
You hit Dowan.
Dowan is heavily wounded.
Dowan hits you with a +0 dagger.
* * * LOW HITPOINT WARNING * * *
Dowan closely misses you.
You hit Dowan.
Dowan is severely wounded.
Dowan gestures at you while chanting. The shard of ice hits you!
You die...
Kikubaaqudgha rasps: "You have failed me!
Welcome... death!"

############# #....)......#
#%..))......#
######e###..###########
#..###@###..###...#....
...#...#...#..........
..+...#...#.......... ###########
#.##'###.###....##'##
...##.....###.##.###.###....##...
............'....#..........#....
............#....'....(.....#....
##'##########..#####'#########.##
#..###.##..##..####..##...####.##


You could see Dowan.

Vanquished Creatures
  Duvessa (D:4)
  A scorpion (D:4)
  An orc priest (D:3)
  An iguana (D:4)
  Terence (D:2)
  3 worker ants (D:4)
  8 adders
  A shadow imp (D:4)
  An ooze (D:2)
  A worm (D:2)
  3 dart slugs (D:2)
  5 leopard geckos
  8 orcs
  A ball python (D:2)
  3 giant cockroaches
  2 goblins
  5 hobgoblins
  3 jackals (D:3)
  3 quokkas
  10 bats
  4 frilled lizards
  2 kobolds (D:2)
  9 rats
77 creatures vanquished.

Vanquished Creatures (collateral kills)
  An orc priest (D:4)
  4 goblins
  A jackal (D:3)
  2 bats (D:1)
  A frilled lizard (D:2)
  4 kobolds
13 creatures vanquished.

Grand Total: 90 creatures vanquished

Notes
Turn   | Place    | Note
-------+----------+-------------------------------------------
     0 | D:1      | Laiders72 the Human Necromancer began the quest for the
                  | Orb.
     0 | D:1      | Reached XP level 1. HP: 13/13 MP: 3/3
    84 | D:1      | Learned a level 1 spell: Animate Skeleton
   208 | D:1      | Reached XP level 2. HP: 10/19 MP: 0/5
   980 | D:2      | Reached XP level 3. HP: 23/24 MP: 3/6
   991 | D:2      | Learned a level 3 spell: Vampiric Draining
  1261 | D:2      | Found a shadowy altar of Dithmenos.
  1337 | D:2      | Reached skill level 5 in Necromancy
  1337 | D:2      | Reached XP level 4. HP: 29/30 MP: 4/8
  1746 | D:2      | Learned a level 3 spell: Regeneration
  1757 | D:2      | Reached XP level 5. HP: 34/35 MP: 9/9
  1934 | D:2      | Noticed Terence
  1962 | D:2      | Killed Terence
  1998 | D:2      | Found an ancient bone altar of Kikubaaqudgha.
  2110 | D:2      | Found a sacrificial altar of Ru.
  2154 | D:2      | Found a glowing golden altar of the Shining One.
  2274 | D:2      | Became a worshipper of Kikubaaqudgha
  2868 | D:3      | Reached skill level 6 in Necromancy
  2998 | D:3      | Reached XP level 6. HP: 41/41 MP: 11/11
  3300 | D:4      | Found Kuulline's Antique Weapon Emporium.
  3727 | D:4      | HP: 1/41 [iguana (11)]
  4152 | D:4      | Learned a level 4 spell: Animate Dead
  4185 | D:4      | Noticed an ogre
  4187 | D:4      | Noticed Duvessa
  4188 | D:4      | Noticed Dowan
  4318 | D:4      | Reached XP level 7. HP: 38/46 MP: 3/12
  4518 | D:4      | Reached * piety under Kikubaaqudgha
  4518 | D:4      | Identified Kikubaaqudgha's Grimoire of Darkness
                  | (Kikubaaqudgha gifted it to you on level 4 of the Dungeon)
  4518 | D:4      | Received a gift from Kikubaaqudgha
  4583 | D:4      | Killed Duvessa
  4583 | D:4      | Reached skill level 7 in Necromancy
  4589 | D:4      | Killed from afar by Dowan

Skill      XL: |  1  2  3  4  5  6  7 |
---------------+----------------------+-----
Necromancy     | 5 6 7 |  7.2
Spellcasting   | 3 4 |  4.2
Dodging        | |  2.0
Stealth        | |  2.0

Action                   |  1- 3 |  4- 6 |  7- 9 || total
-------------------------+-------+-------+-------++-------
Melee: Unarmed           |     1 |       |       ||     1
       Dagger            |    18 |       |       ||    18
       Mace              |    15 |    46 |       ||    61
       Flail             |       |   119 |    24 ||   143
 Cast: Pain              |    17 |    25 |     6 ||    48
       Animate Skeleton  |    12 |    24 |     2 ||    38
       Vampiric Draining |     1 |    16 |     4 ||    21
       Regeneration      |       |     2 |     1 ||     3
       Animate Dead      |       |       |     1 ||     1
  Use: Scroll            |     2 |     2 |       ||     4
       Potion            |       |     1 |       ||     1
 Stab: Sleeping          |     2 |     3 |       ||     5
       Distracted        |     1 |       |       ||     1
  Eat: Chunk             |     2 |    11 |     1 ||    14
Armor: Robe              |    12 |    93 |    10 ||   115
Dodge: Dodged            |    41 |   194 |    28 ||   263
